 Dungeon Crawl Stone Soup version 0.31-a0-219-g8d62b2e7bb (webtiles) character file.

Game seed: 4670788259258146900

166 Zonian the Magician (level 5, -1/28 HPs)
             Began as a Deep Elf Fire Elementalist on July 3, 2023.
             Succumbed to an adder's poison
             ... in a sewer.
             The game lasted 00:07:52 (4803 turns).

Zonian the Magician (Deep Elf Fire Elementalist)    Turns: 4803, Time: 00:07:53

Health: -1/28      AC:  2    Str:  5    XL:     5   Next: 22%
Magic:  4/14       EV: 12    Int: 20    God:
Gold:   109        SH:  0    Dex: 15    Spells: 7/13 levels left

rFire   + . .        t - staff of fire
rCold   . . .        (no shield)
rNeg    . . .        a - +0 robe
rPois   .            (no helmet)
rElec   .            (no cloak)
rCorr   +            (no gloves)
SInv    .            (no boots)
Will    .....        k - amulet of guardian spirit
Stlth   ++           g - ring of resist corrosion
HPRegen 0.24/turn    (no ring)
MPRegen 0.14/turn

%: guardian spirit
@: mighty, lethally poisoned (-1 -> -20), hasted, invisible, very quick
A: dopey 1
a: no special abilities


You were in a sewer.
You visited 1 branch of the dungeon, and saw 4 of its levels.
You also visited: Sewer.

You collected 109 gold pieces.

Inventory:

Hand Weapons
 f - a +0 short sword
 m - a +0 sling
 q - a +0 dagger
Missiles
 l - 11 poisoned darts
Armour
 a - a +0 robe (worn)
 h - the +1 buckler of the Game Afoot {rN++}
   (You acquired it on level 4 of the Dungeon)

   rN:        It greatly protects you from negative energy.
 w - the -1 pair of boots of Hadjma {Int+2 Dex+3}
   (You found it on level 3 of the Dungeon)

   Int:       It affects your intelligence (+2).
   Dex:       It affects your dexterity (+3).
Magical Staves
 t - a staff of fire (weapon)
Jewellery
 g - a ring of resist corrosion (left hand)
 k - an amulet of guardian spirit (around neck)
 p - a ring of ice
Scrolls
 d - 2 scrolls of fog
 o - 2 scrolls of teleportation
 r - 4 scrolls of immolation {unknown}
 s - 2 scrolls of vulnerability {unknown}
 v - a scroll of amnesia {unknown}
 x - a scroll of silence
 y - a scroll of enchant armour {unknown}
Potions
 b - a potion of magic
 n - a potion of curing {unknown}
 u - 2 potions of brilliance


   Skills:
 - Level 2.6 Dodging
 - Level 2.6 Stealth
 + Level 4.8 Spellcasting
 + Level 3.1 Conjurations
 + Level 4.5 Fire Magic


You had 7 spell levels left.
You knew the following spells:

 Your Spells              Type           Power      Damage    Failure   Level
a - Foxfire               Conj/Fire      100%       2x1d9     2%          1
b - Scorch                Fire           68%        2d7       2%          2
c - Inner Flame           Hex/Fire       21%        N/A       14%         3

Your spell library contained the following spells:

 Spells                   Type           Power      Damage    Failure   Level
 Volatile Blastmotes      Fire/Tloc      42%        2d13      14%         3
 Ensorcelled Hibernation  Hex/Ice        8%         N/A       19%         2
 Passwall                 Tmut/Erth      3%         N/A       19%         2
 Flame Wave               Conj/Fire      30%        2d9       24%         4
 Swiftness                Air            4%         N/A       34%         3


Dungeon Overview and Level Annotations

Branches:
Dungeon (4/15)              Sewer (1/1)
 Temple: D:4-7

Altars:

Shops:
D:4 *


Innate Abilities, Weirdness & Mutations

You are dopey. (Int -2)


Message History

The adder poisons you!
The foxfire hits the adder but does no damage.
The adder closely misses you.
Unknown command.
Okay, then.
Okay, then.
Casting: Foxfire (safe; 2% risk of failure)
Confirm with . or Enter, or press ? or * to list all spells.
You feel a surge of power!
Flames lash the adder.
The adder is almost dead.
The adder's fire resistance burns away.
You feel very sick.
The foxfire hits the adder!
The adder is burned terribly!
You kill the adder!
The adder bites you but does no damage. The adder bites you.
You are lethally poisoned!
The adder poisons you!
It was a potion of haste.
You feel yourself speed up.
You feel very sick. The adder bites you.
You are more poisoned.
The adder poisons you! The adder closely misses you. The adder bites you.
* * * LOW HITPOINT WARNING * * *
You are more poisoned.
The adder poisons you!
It was a potion of invisibility.
You fade into invisibility!
* * * LOW HITPOINT WARNING * * *
You feel very sick. The adder closely misses you.
It was a potion of mutation.
You feel extremely strange.
You feel stupid.
* * * LOW HITPOINT WARNING * * *
You feel very sick. The adder bites you.
You are more poisoned.
The adder poisons you! The adder misses you.
It was a potion of might.
You feel very mighty all of a sudden.
You die...

#.≈~# +..+ #~≈.#
#..# #~≈~# #..#
#~≈~# #..# #~≈~#
#..####~≈~#
#..#.##~≈~#
+.†S.##~≈~#
+.@S.##~≈~#
#.†#.##~≈~# #~.#
##.≈~# #.~#
#.≈~# #~~# #.≈~#
≈~####~~####~≈~#
.~~~~~~~~~~~~≈~#
≈≈≈≈≈≈~~≈≈≈≈≈≈~#
.~~†.~..~.~~~~~#


You could see 2 adders.

Vanquished Creatures
  6 adders
  6 dart slugs
  An orc (D:4)
  16 bats
  9 endoplasms
  5 giant cockroaches
  10 hobgoblins
  3 jackals (Sewer)
  3 quokkas
  14 ball pythons
  5 frilled lizards
  8 goblins
  5 kobolds
  3 rats
94 creatures vanquished.

Vanquished Creatures (others)
  392 foxfires
392 creatures vanquished.

Grand Total: 486 creatures vanquished

Notes
Turn   | Place    | Note
-------+----------+-------------------------------------------
     0 | D:1      | Zonian the Deep Elf Fire Elementalist began the quest for
                  | the Orb.
     0 | D:1      | Reached XP level 1. HP: 10/10 MP: 6/6
   493 | D:1      | Reached XP level 2. HP: 15/15 MP: 4/8
  1192 | D:1      | Reached XP level 3. HP: 19/19 MP: 0/10
  2080 | D:2      | Learned a level 2 spell: Scorch
  2283 | D:2      | Reached XP level 4. HP: 24/24 MP: 4/12
  2945 | D:3      | Learned a level 3 spell: Inner Flame
  2968 | D:3      | Identified the -1 pair of boots of Hadjma {Int+2 Dex+3}
  3681 | D:4      | Identified a scroll of acquirement
  3681 | D:4      | Acquired the +1 buckler of the Game Afoot {rN++}
  3745 | D:4      | Found Nuretiraa's Lightly-Used Armoury.
  3914 | D:4      | Found a glowing drain.
  3930 | Sewer    | Entered a sewer
  4311 | Sewer    | Reached XP level 5. HP: 28/28 MP: 8/13
  4802 | Sewer    | Gained mutation: You are dopey. (Int -2) [potion of
                  | mutation]
  4803 | Sewer    | Succumbed to an adder's poison

Illustrated notes

Levels and vault maps discovered:
D:1:      shiori_shiawase, layout_rooms
D:2:      layout_rooms
D:3:      layout_rooms, chequers_serial_rivers_room_b
D:4:      layout_basic, cheibrodos_sewer_entry_sluice,
          dreamdust_princess_bridge, minmay_stone_trees_small,
          kennysheep_minor_cross, minmay_shop_damaged, kennysheep_dice
Sewer:    sewer_fruit_machine

Skill      XL: |  1  2  3  4 |
---------------+-------------+-----
Conjurations   | 2 3 |  3.1
Spellcasting   | 4 |  4.8
Fire Magic     | 4 |  4.5
Dodging        | |  2.6
Stealth        | |  2.6

Action                     |  1- 3 |  4- 6 || total
---------------------------+-------+-------++-------
  Melee: Staff             |       |     2 ||     2
   Cast: Foxfire           |   122 |   114 ||   236
         Scorch            |       |     1 ||     1
    Use: Scroll            |       |     6 ||     6
         Potion            |       |     4 ||     4
 Armour: Robe              |     1 |     3 ||     4
  Dodge: Dodged            |    11 |    14 ||    25

Table legend: (Time is in decaauts)
 A = Elapsed time spent in this place.
 B = Non-inter-level travel time spent in this place.
 C = Inter-level travel time spent in this place.
 D = Time resting spent in this place.
 E = Time spent auto-exploring this place.
 F = Levels seen in this place.
 G = Mean time per level.
                   A        B        C        D        E       F      G
               +--------+--------+--------+--------+--------+-----+--------+
         Total |   4846 |   4811 |     35 |   1677 |   2429 |   5 |  969.2 |
       Dungeon |   3932 |   3897 |     35 |   1144 |   2148 |   4 |  983.0 |
         Sewer |    914 |    914 |      0 |    533 |    280 |   1 |  914.0 |
               +--------+--------+--------+--------+--------+-----+--------+

Top non-repeatable levels by time:
     D:1: 1485 daAuts
     D:2: 1246 daAuts
     D:3: 947 daAuts
   Sewer: 914 daAuts
     D:4: 253 daAuts
